 Dungeon Crawl Stone Soup version 0.21.1-1-g345015fe64 (webtiles) character file.

5843 moonlyer the Thaumaturge (level 10, 0/52 HPs)
             Began as a Deep Elf Wizard on Feb 9, 2018.
             Was an Initiate of Vehumet.
             Slain by an orc warrior
             ... wielding a +0 short sword
              (10 damage)
             ... on level 1 of the Orcish Mines.
             The game lasted 01:00:33 (11247 turns).

moonlyer the Thaumaturge (Deep Elf Wizard)         Turns: 11247, Time: 01:00:34

Health: 0/52       AC:  7    Str:  4    XL:     10   Next: 51%
Magic:  1/28       EV: 15    Int: 30    God:    Vehumet [......]
Gold:   615        SH:  0    Dex: 13    Spells: 10/34 levels left

rFire    . . .     SeeInvis +   D - +4 quarterstaff (chaos)
rCold    . . .     Gourm    .   (shield currently unavailable)
rNeg     . . .     Faith    .   q - +2 robe {MR+}
rPois    .         Spirit   .   b - +0 hat
rElec    .         Reflect  .   F - +0 cloak
rCorr    .         Harm     .   k - +0 pair of gloves
MR       ++...                  w - +0 pair of boots
Stlth    ++........             (no amulet)
HPRegen  0.17/turn              r - ring of see invisible
MPRegen  0.21/turn              B - +3 ring of intelligence

@: no status effects
A: no striking features
a: Renounce Religion


You were on level 1 of the Orcish Mines.
You worshipped Vehumet.
Vehumet was noncommittal.
You were hungry.

You visited 3 branches of the dungeon, and saw 12 of its levels.
You also visited: Sewer.

You collected 615 gold pieces.

Inventory:

Hand Weapons
 D - a +4 quarterstaff of chaos (weapon)
Armour
 b - a +0 hat (worn)
 k - a +0 pair of gloves (worn)
 q - a +2 robe of magic resistance (worn)
 w - a +0 pair of boots (worn)
 F - a +0 cloak (worn)
 N - a +1 robe of positive energy
Jewellery
 r - a ring of see invisible (left hand)
 t - an uncursed ring of protection from cold
 B - a +3 ring of intelligence (right hand)
Wands
 j - a wand of random effects (47)
 o - a wand of polymorph (26)
 u - a wand of disintegration (12)
 A - a wand of flame (58)
 G - a wand of scattershot (4)
 H - a wand of enslavement (21)
 L - a wand of clouds (2)
 O - a wand of paralysis (19)
Scrolls
 e - 9 scrolls of identify
 f - 3 scrolls of remove curse
 h - a scroll of magic mapping {unknown}
 i - 8 scrolls of teleportation
 m - 3 scrolls of immolation {unknown}
 n - 2 scrolls of fear {unknown}
 y - 2 scrolls of enchant weapon {unknown}
 I - a scroll of enchant armour {unknown}
 J - 2 scrolls of fog {unknown}
 K - 2 scrolls of blinking {unknown}
Potions
 a - 2 potions of haste {unknown}
 g - 2 potions of mutation {unknown}
 l - 4 potions of degeneration {unknown}
 p - 6 potions of curing
 s - 3 potions of ambrosia {unknown}
 v - 2 potions of magic {unknown}
 x - 3 potions of flight {unknown}
 z - 3 potions of heal wounds {unknown}
 C - a potion of invisibility {unknown}
Books
 c - a book of Minor Magic

   Spells                             Type                      Level
   a - Magic Dart                     Conjuration                  1
   b - Blink                          Translocation                2
   c - Call Imp                       Summoning                    2
   d - Slow                           Hexes                        2
   e - Conjure Flame                  Conjuration/Fire             3
   f - Mephitic Cloud                 Conjuration/Poison/Air       3
 E - a book of Callings

   Spells                             Type                      Level
   a - Summon Small Mammal            Summoning                    1
   b - Call Imp                       Summoning                    2
   c - Call Canine Familiar           Summoning                    3
   d - Summon Guardian Golem          Hexes/Summoning              3
   e - Summon Lightning Spire         Summoning/Air                4
   f - Summon Ice Beast               Ice/Summoning                4
 M - Vehumet's Volume of Battle Magic
   (You found it on level 9 of the Dungeon)

   Spells                             Type                      Level
   a - Magic Dart                     Conjuration                  1
Miscellaneous
 P - a sack of spiders
Comestibles
 d - 11 rations


   Skills:
 + Level 1.5 Fighting
   Level 0.5 Short Blades
 + Level 1.4 Staves
 + Level 5.3 Dodging
 + Level 3.9 Stealth
 + Level 12.8 Spellcasting
 + Level 5.5 Conjurations
 + Level 1.5 Hexes
 + Level 8.1 Summonings
 + Level 3.1 Translocations
 + Level 0.1 Fire Magic
 + Level 4.0 Ice Magic
 + Level 4.1 Air Magic
 + Level 1.2 Poison Magic


You had 10 spell levels left.
You knew the following spells:

 Your Spells              Type           Power        Failure   Level  Hunger
a - Magic Dart            Conj           ####         1%          1    None
b - Blink                 Tloc           N/A          1%          2    None
c - Call Imp              Summ           ######..     1%          2    None
d - Slow                  Hex            ####....     1%          2    None
e - Mephitic Cloud        Conj/Pois/Air  #####...     1%          3    None
f - Conjure Flame         Conj/Fire      #####...     2%          3    None
g - Summon Guardian Gole  Hex/Summ       #####...     1%          3    None
h - Summon Lightning Spi  Summ/Air       ######..     1%          4    None
i - Summon Ice Beast      Ice/Summ       ######..     1%          4    None


Dungeon Overview and Level Annotations

Branches:
Dungeon (10/15)            Temple (1/1) D:7            Lair (0/6) D:8
    Orc (1/2) D:9

Altars:
Ashenzari
Cheibriados
Dithmenos
Elyvilon
Fedhas
Gozag
Hepliaklqana
Kikubaaqudgha
Makhleb
Nemelex Xobeh
Okawaru
Qazlal
Ru
Sif Muna
Trog
Uskayaw
Vehumet
Wu Jian
Xom
Yredelemnul
Zin
The Shining One

Shops:
D:8 ?   D:9 [%


Message History

The orc knight dies!
Vehumet accepts your kill.
Your Ice Magic skill increases to level 4!
The orc warrior barely misses your ice beast.
The orc warrior hits your ice beast with a short sword!
Your ice beast dies!
Casting: Summon Ice Beast
Confirm with . or Enter, or press ? or * to list all spells.
You don't have enough magic to cast that spell.
The orc warrior no longer looks unusually strong.
The orc warrior hits you with a short sword.
Casting: Summon Ice Beast
Confirm with . or Enter, or press ? or * to list all spells.
Aiming: Summon Lightning Spire
Press: ? - help, Dir - move target cursor An electric hum fills the air.
The orc warrior hits you with a short sword!
* * * LOW HITPOINT WARNING * * *
The orc warrior hits you with a short sword!
You die...

#####...#.......#..........##
##.###...##..................##
#...#......#......#.#..)......#
##..##.#........... ##<>.)....#
#..............#. ##.)......##
#...#.....###...###...[......#
##.#.......###..............##
####.##.....#8.........#...##
#####.....o@.............#
#....#.........#.....#
#....####......#.....## #...##
#.............# ##.##
#........#.#.## ###
##............# #.......#.#.##
##...#.###### #...###


You could see an orc warrior and a friendly lightning spire.

Vanquished Creatures
  Psyche (D:8)
  Edmund (D:5)
  A porcupine (D:8)
  An orc warrior (D:9)
  An ogre (D:5)
  A centaur (D:7)
  A crocodile (D:8)
  2 bullfrogs
  An elf skeleton (D:6)
  2 elf zombies (D:6)
  A scorpion (D:4)
  2 wights (D:9)
  A howler monkey (D:5)
  2 orc priests
  4 hounds
  A jelly (D:5)
  A bullfrog skeleton (D:4)
  2 orc wizards
  6 worker ants
  2 hound skeletons (D:6)
  A howler monkey zombie (D:5)
  2 river rats
  9 adders
  A shadow imp (D:7)
  2 oozes
  An adder skeleton (D:5)
  4 worms
  2 dart slugs (D:1)
  4 leopard geckos
  20 orcs
  8 bats
  A giant cockroach (D:2)
  12 goblins
  7 hobgoblins
  3 jackals
  2 quokkas (D:6)
  4 ball pythons
  3 frilled lizards
  14 kobolds
  9 rats
143 creatures vanquished.

Vanquished Creatures (collateral kills)
  A two-headed ogre (D:9)
  Pikel (D:8)
  3 orc knights (Orc:1)
  Joseph (D:9)
  A troll (D:9)
  Prince Ribbit (D:9)
  2 hippogriffs (D:8)
  A yak (D:8)
  Grum (D:9)
  A porcupine (D:8)
  5 orc warriors
  2 sky beasts
  A slave (D:8)
  2 black bears (D:8)
  2 centaurs
  An ogre (D:9)
  2 wolves (D:9)
  A crocodile (D:8)
  An elf zombie (D:6)
  2 big kobolds
  A gnoll sergeant (Orc:1)
  6 bullfrogs
  2 scorpions (D:6)
  A wyvern skeleton (D:9)
  9 killer bees (D:8)
  3 wights (D:9)
  3 howler monkeys (D:8)
  2 crimson imps (D:6)
  3 hounds
  A centaur zombie (D:5)
  4 jellies
  2 orc priests (Orc:1)
  Crazy Yiuf (D:6)
  2 human skeletons (D:6)
  5 orc wizards
  Jessica (D:2)
  2 worker ants
  A killer bee zombie (D:9)
  A worker ant zombie (D:6)
  4 adders
  A shadow imp (D:6)
  An adder zombie (D:8)
  An adder skeleton (D:9)
  2 worms (D:4)
  4 leopard geckos
  15 orcs
  3 giant cockroaches
  A goblin (D:2)
  A hobgoblin (D:2)
  4 jackals
  3 ball pythons (D:4)
  4 kobolds (D:8)
  A rat (D:4)
  5 fungi
132 creatures vanquished.

Vanquished Creatures (others)
  34 fungi (D:8)
  7 plants
41 creatures vanquished.

Grand Total: 316 creatures vanquished

Notes
Turn   | Place    | Note
-------+----------+-------------------------------------------
     0 | D:1      | moonlyer the Deep Elf Wizard began the quest for the Orb.
     0 | D:1      | Reached XP level 1. HP: 10/10 MP: 7/7
   414 | D:1      | Reached skill level 5 in Spellcasting
   414 | D:1      | Reached XP level 2. HP: 15/15 MP: 6/10
   699 | D:1      | Reached XP level 3. HP: 19/19 MP: 8/12
   703 | D:1      | Learned a level 2 spell: Blink
   706 | D:1      | Learned a level 2 spell: Call Imp
   709 | D:1      | Learned a level 2 spell: Slow
   713 | D:1      | Learned a level 3 spell: Mephitic Cloud
   717 | D:1      | Learned a level 3 spell: Conjure Flame
   924 | D:2      | Reached skill level 6 in Spellcasting
  1210 | D:2      | Reached XP level 4. HP: 13/24 MP: 3/14
  1549 | D:2      | Found a shimmering altar of Xom.
  1568 | D:2      | Noticed Jessica
  1576 | D:2      | Killed Jessica
  2303 | D:3      | Reached XP level 5. HP: 20/28 MP: 0/15
  2566 | D:3      | Found a burning altar of Makhleb.
  2974 | D:4      | Found a glowing drain.
  3051 | Sewer    | Entered a sewer
  3230 | Sewer    | Reached XP level 6. HP: 32/32 MP: 3/17
  4358 | D:4      | Found a white marble altar of Elyvilon.
  4367 | D:4      | Reached skill level 7 in Spellcasting
  4369 | D:4      | Found a bloodstained altar of Trog.
  4434 | D:5      | Entered Level 5 of the Dungeon
  4446 | D:5      | Reached XP level 7. HP: 21/37 MP: 3/19
  4843 | D:5      | Noticed Edmund
  4958 | D:5      | Killed Edmund
  4958 | D:5      | Reached skill level 8 in Spellcasting
  5060 | D:5      | Reached skill level 1 in Poison Magic
  5225 | D:5      | Reached skill level 1 in Fighting
  5711 | D:5      | Reached XP level 8. HP: 39/43 MP: 11/22
  5760 | D:5      | Found a hazy altar of Hepliaklqana.
  5764 | D:5      | Found a hide-covered altar of Uskayaw.
  6072 | D:5      | Reached skill level 9 in Spellcasting
  6209 | D:5      | Reached skill level 5 in Conjurations
  6507 | D:6      | Learned a level 3 spell: Summon Guardian Golem
  6512 | D:6      | Learned a level 4 spell: Summon Lightning Spire
  6526 | D:6      | Learned a level 4 spell: Summon Ice Beast
  6586 | D:6      | Found a runed door.
  6590 | D:6      | Noticed Crazy Yiuf
  6610 | D:6      | Killed Crazy Yiuf
  7172 | D:6      | Reached skill level 5 in Summonings
  7312 | D:7      | Found a shattered altar of Ashenzari.
  7323 | D:7      | Found a staircase to the Ecumenical Temple.
  7334 | Temple   | Entered the Ecumenical Temple
  7541 | D:7      | Reached skill level 1 in Ice Magic
  7541 | D:7      | Reached skill level 1 in Air Magic
  7675 | D:7      | Reached skill level 10 in Spellcasting
  8128 | D:8      | Reached XP level 9. HP: 21/47 MP: 6/25
  8347 | D:8      | Found a staircase to the Lair.
  8380 | D:8      | Reached skill level 5 in Dodging
  8412 | D:8      | Noticed Pikel
  8599 | D:8      | Found Ikalig's Magic Scroll Emporium.
  8736 | D:8      | Killed Pikel
  8736 | D:8      | Reached skill level 11 in Spellcasting
  8793 | D:8      | Found an iron altar of Okawaru.
  8833 | D:8      | Noticed Psyche
  8838 | D:8      | Killed Psyche
  8838 | D:8      | Reached skill level 1 in Hexes
  9268 | D:9      | Noticed Prince Ribbit
  9279 | D:9      | Killed Prince Ribbit
  9279 | D:9      | Reached skill level 12 in Spellcasting
  9473 | D:9      | Found a staircase to the Orcish Mines.
  9473 | D:9      | Noticed Grum
  9478 | D:9      | Killed Grum
  9509 | D:9      | Reached XP level 10. HP: 52/52 MP: 12/28
  9517 | D:9      | Found Ythealyn's Armour Emporium.
  9744 | D:9      | Found Bovvatow's Food Boutique.
  9823 | D:9      | Found a radiant altar of Vehumet.
  9825 | D:9      | Identified Vehumet's Volume of Battle Magic
  9835 | D:9      | Became a worshipper of Vehumet
  9838 | D:9      | Found an ancient bone altar of Kikubaaqudgha.
  9839 | D:9      | Found a deep blue altar of Sif Muna.
  9859 | D:9      | Noticed a two-headed ogre
  9868 | D:9      | Killed a two-headed ogre
 10047 | D:9      | Found a basalt altar of Yredelemnul.
 10269 | D:9      | Noticed Joseph
 10285 | D:9      | Killed Joseph
 10401 | D:10     | Entered Level 10 of the Dungeon
 10452 | Orc:1    | Entered Level 1 of the Orcish Mines
 11195 | Orc:1    | Noticed an orc knight
 11199 | Orc:1    | Noticed an orc knight
 11203 | Orc:1    | Noticed an orc knight
 11208 | Orc:1    | Killed an orc knight
 11213 | Orc:1    | Killed an orc knight
 11213 | Orc:1    | Reached skill level 1 in Staves
 11229 | Orc:1    | Killed an orc knight
 11247 | Orc:1    | Slain by an orc warrior

Skill      XL: |  1  2  3  4  5  6  7  8  9 10 |
---------------+-------------------------------+-----
Spellcasting   | 5 6 7 8 10 12 | 12.8
Dodging        | 3 4 5 |  5.3
Stealth        | 3 |  3.9
Conjurations   | 2 3 4 5 |  5.5
Summonings     | 3 4 5 7 8 |  8.1
Poison Magic   | 1 |  1.2
Fighting       | 1 |  1.5
Translocations | 2 3 |  3.1
Ice Magic      | 1 3 4 |  4.0
Air Magic      | 1 3 4 |  4.1
Hexes          | 1 |  1.5
Staves         | 1 |  1.4
Short Blades   | |  0.5
Fire Magic     | |  0.1

Action                   |  1- 3 |  4- 6 |  7- 9 | 10-12 || total
-------------------------+-------+-------+-------+-------++-------
Melee: Club              |    16 |     2 |       |       ||    18
       Short sword       |       |     7 |    11 |       ||    18
       Quarterstaff      |       |       |    29 |     6 ||    35
 Cast: Magic Dart        |    80 |   205 |   218 |    46 ||   549
       Call Imp          |     1 |    22 |    35 |       ||    58
       Mephitic Cloud    |       |     1 |     4 |     1 ||     6
       Blink             |       |     4 |    14 |     1 ||    19
       Conjure Flame     |       |     2 |     3 |       ||     5
       Slow              |       |       |     3 |       ||     3
       Summon Ice Beast  |       |       |    34 |    12 ||    46
       Summon Lightning  |       |       |    30 |    17 ||    47
       Summon Guardian G |       |       |     2 |     1 ||     3
  Use: Scroll            |       |     1 |     2 |       ||     3
       Potion            |       |       |     6 |       ||     6
 Stab: Sleeping          |       |     1 |       |       ||     1
  Eat: Chunk             |     1 |     8 |     6 |     2 ||    17
       Ration            |       |     1 |     2 |     1 ||     4
Armor: Robe              |     8 |    15 |    61 |     6 ||    90
Dodge: Dodged            |    30 |    49 |   148 |    20 ||   247
